 Dungeon Crawl Stone Soup version 0.29-a0-613-gf2c431b9b9 (webtiles) character file.

Game seed: 6784025169906331167

186 Vylera the Tainted (level 5, -1/33 HPs)
             Began as an Octopode Wanderer on June 16, 2022.
             Was an Initiate of Yredelemnul.
             Slain by a gnoll
             ... wielding a +0 spear
              (7 damage)
             ... on level 4 of the Dungeon.
             The game lasted 00:08:40 (3774 turns).

Vylera the Tainted (Octopode Wanderer)              Turns: 3774, Time: 00:08:41

Health: -1/33      AC:  1    Str: 12    XL:     5   Next: 66%
Magic:  7/7        EV: 12    Int: 14    God:    Yredelemnul [......]
Gold:   135        SH:  0    Dex: 13    Spells: 1/6 levels left

rFire   . . .      SeeInvis .   a - +2 dagger
rCold   . . .      Faith    .   (no shield)
rNeg    . . .      Spirit   .   (helmet restricted)
rPois   .          Reflect  .   (no amulet)
rElec   .          Harm     .   (no ring)
rCorr   .          Rampage  .   (no ring)
Will    .....                   (no ring)
Stlth   +++.......              (no ring)
HPRegen 0.11/turn               (no ring)
MPRegen 0.10/turn               (no ring)
                                (no ring)
                                (no ring)

@: no status effects
A: almost no armour, amphibious, 8 rings, camouflage 1, gelatinous body 1,
(nimble swimmer 1), tentacles
a: Renounce Religion, Recall Undead Harvest


You were on level 4 of the Dungeon.
You worshipped Yredelemnul.
Yredelemnul was noncommittal.
You visited 1 branch of the dungeon, and saw 4 of its levels.

You collected 135 gold pieces.

Inventory:

Hand Weapons
 a - a +2 dagger (weapon)
Wands
 d - a wand of flame (5) (quivered)
Scrolls
 b - a scroll of fear
 c - a scroll of teleportation
 e - a scroll of blinking
 i - 2 scrolls of enchant armour
Potions
 f - a potion of might {unknown}
 g - 3 potions of attraction {unknown}
 h - 6 potions of curing {unknown}
 j - a potion of heal wounds {unknown}
 k - 2 potions of cancellation {unknown}


   Skills:
 - Level 1.4 Fighting
 - Level 0.4 Axes
 - Level 3.2 Stealth
 - Level 3.1 Unarmed Combat
 - Level 1.3 Spellcasting
 - Level 1.6 Conjurations
 * Level 1.6 Hexes
 + Level 1.5 Necromancy
 * Level 3.4 Invocations
 - Level 2.4 Evocations


You had one spell level left.
You knew the following spells:

 Your Spells              Type           Power      Damage    Failure   Level
a - Magic Dart            Conj           20%        1d4       13%         1
b - Anguish               Hex/Necr       2%         N/A       80%         4

Your spell library contained the following spells:

 Spells                   Type           Power      Damage    Failure   Level
 Freeze                   Ice            0%         1d3       26%         1
 Searing Ray              Conj           10%        2d4       21%         2
 Blink                    Tloc           0%         N/A       36%         2
 Frozen Ramparts          Ice            0%         1d2       61%         3
 Lesser Beckoning         Tloc           0%         N/A       61%         3
 Fulminant Prism          Conj/Hex       2%         3d6       78%         4
 Hailstorm                Conj/Ice       3%         3d3       88%         4
 Manifold Assault         Tloc           0%         N/A       100%        5
 Enfeeble                 Hex            2%         N/A       100%        7


Dungeon Overview and Level Annotations

Branches:
Dungeon (4/15)
 Temple: D:4-7

Altars:
Trog
Yredelemnul

Shops:
D:3 (


Innate Abilities, Weirdness & Mutations

You cannot wear most types of armour.
You are amphibious.
You can wear up to eight rings at the same time.
Your skin changes colour to match your surroundings (Stealth+).
Your rubbery body absorbs attacks. (AC +1, EV +1)
((You are camouflaged when in or above water. (Stealth+)))
You have tentacles for arms and can constrict up to eight enemies at once.


Message History

You swap places.
You swap places.
You swap places.
You see here a +0 dagger.
Done exploring.
Done exploring.
(D) Dungeon
Where to? (Enter - D:3, ? - help)
What level of the Dungeon? (default 1, ? - help)
There is a stone staircase leading down here.
You climb downwards.
You hear the sound of rushing water.
There is an entrance to a sewer on this level.
Hurry and find it before the portal rusts away!
Found 16 stones.
Found an escape hatch in the floor.
There is a stone staircase leading up here.
As you read the scroll labelled FEKHOR UGIRAETZ, it crumbles to dust.
It is a scroll of enchant armour.
You aren't carrying any armour which can be enchanted further.
As you read the scroll labelled UHOSSAC NIGEME, it crumbles to dust.
Your body is wracked with pain!
It was a scroll of torment.
As you read the scroll labelled ZEULAO YRYOLU, it crumbles to dust.
You hear a loud clanging noise!
It was a scroll of noise.
You hear a shout! x5
A gnoll comes into view. It is wielding a +0 spear.
Found 4 gold pieces.
A gnoll comes into view. It is wielding a +0 spear.
The gnoll hits you from afar with a +0 spear.
A gnoll comes into view. It is wielding a +1 whip of holy wrath.
The gnoll moves out of view.
The gnoll closely misses you.
You hit the gnoll. You grab the gnoll.
The gnoll is heavily wounded.
You constrict the gnoll. The gnoll hits you with a +0 spear!
* * * LOW HITPOINT WARNING * * *
A hobgoblin comes into view.
You release your grip on the gnoll.
The gnoll hits you from afar with a +0 spear!
You die...
Your body rises from the dead as a mindless zombie.

##.gg....#
#........#
#......$.#
#......g.#
#........#
#.......>#
##..g....#
#........###
##..@......#
#......##..
##.....#
#.<..##
######


You could see 2 gnolls.

Vanquished Creatures
  A scorpion zombie (D:3)
  A hound skeleton (D:3)
  3 gnolls (D:3)
  3 adders
  An adder skeleton (D:3)
  A worm (D:2)
  4 orcs (D:3)
  6 endoplasms
  2 giant cockroaches (D:1)
  8 goblins
  3 hobgoblins
  5 kobolds
  4 quokkas
  4 ball pythons
  A ball python zombie (D:3)
  3 bats
  2 frilled lizards
  A jackal zombie (D:3)
  6 rats
59 creatures vanquished.

Vanquished Creatures (collateral kills)
  A scorpion zombie (D:3)
  An orc (D:3)
  A ball python (D:3)
  A frilled lizard (D:3)
  A rat (D:3)
5 creatures vanquished.

Vanquished Creatures (others)
  A ball python zombie (D:3)
  An endoplasm zombie (D:3)
  A frilled lizard zombie (D:3)
  A kobold zombie (D:3)
  An orc zombie (D:3)
  2 rat zombies (D:3)
  6 plants (D:1)
  5 withered plants (D:3)
18 creatures vanquished.

Grand Total: 82 creatures vanquished

Notes
Turn   | Place    | Note
-------+----------+-------------------------------------------
     0 | D:1      | Vylera the Octopode Wanderer began the quest for the Orb.
     0 | D:1      | Vylera set off with the following items: a +2 dagger, a
                  | scroll of fear, a scroll of teleportation, a wand of flame
                  | (5), a scroll of blinking.
     0 | D:1      | Reached XP level 1. HP: 13/13 MP: 2/2
   424 | D:1      | Reached XP level 2. HP: 18/18 MP: 3/3
  1122 | D:1      | Learned a level 1 spell: Magic Dart
  1175 | D:2      | Reached XP level 3. HP: 23/23 MP: 4/4
  1323 | D:2      | Found a faded altar of an unknown god.
  1331 | D:2      | Prayed at the altar of an unknown god.
  1331 | D:2      | Became a worshipper of Yredelemnul the Dark
  1395 | D:2      | Reached skill level 1 in Conjurations
  1682 | D:2      | Reached * piety under Yredelemnul
  1826 | D:2      | Found a bloodstained altar of Trog.
  2006 | D:2      | Reached XP level 4. HP: 28/28 MP: 5/5
  2011 | D:2      | Learned a level 4 spell: Anguish
  2345 | D:3      | Reached skill level 1 in Necromancy
  2348 | D:3      | Reached skill level 1 in Hexes
  2348 | D:3      | Reached XP level 5. HP: 17/33 MP: 5/7
  2737 | D:3      | Found Wexkeck's Antique Weapon Emporium.
  3774 | D:4      | Slain by a gnoll

Illustrated notes

Levels and vault maps discovered:
D:1:      wander_arrival_estate, layout_basic, serial_bayou_lake_a
D:2:      layout_loops_corners, shapermc_ecumenical_altar_acropolis,
          serial_rivers, chequers_serial_rivers_micro_e,
          chequers_serial_rivers_small_b, chequers_serial_rivers_room_b,
          chequers_serial_rivers_micro_a, chequers_serial_rivers_marsh,
          basic_altar
D:3:      layout_loops_ring, serial_shops, shop, serial_undead, serial_undead_f,
          serial_undead_d, serial_undead_d, serial_undead_b
D:4:      layout_cave_pods, portal_sewer_entry_a, feat_on_display, uniq_duvessa,
          uniq_natasha, uniq_blork_the_orc

Skill      XL: |  1  2  3  4  5 |
---------------+----------------+-----
Stealth        | 3 |  3.2
Conjurations   | 1 |  1.6
Invocations    | 2 3 |  3.4
Necromancy     | 1 |  1.5
Hexes          | 1 |  1.6
Fighting       | |  1.4
Axes           | |  0.4
Unarmed Combat | |  3.1
Spellcasting   | |  1.3
Evocations     | |  2.4

Action                   |  1- 3 |  4- 6 || total
-------------------------+-------+-------++-------
Melee: Dagger            |    52 |    66 ||   118
       Constrict         |    11 |    18 ||    29
       Tentacles         |     8 |    18 ||    26
       Punch             |     2 |     3 ||     5
  Use: Scroll            |       |     3 ||     3
 Stab: Sleeping          |    16 |     3 ||    19
Armor: Skin              |     1 |     4 ||     5
Dodge: Dodged            |    11 |    30 ||    41

Table legend: (Time is in decaauts)
 A = Elapsed time spent in this place.
 B = Non-inter-level travel time spent in this place.
 C = Inter-level travel time spent in this place.
 D = Time resting spent in this place.
 E = Time spent auto-exploring this place.
 F = Levels seen in this place.
 G = Mean time per level.
                   A        B        C        D        E       F      G
               +--------+--------+--------+--------+--------+-----+--------+
         Total |   3773 |   3672 |    101 |      0 |   3251 |   4 |  943.2 |
       Dungeon |   3773 |   3672 |    101 |      0 |   3251 |   4 |  943.2 |
               +--------+--------+--------+--------+--------+-----+--------+

Top non-repeatable levels by time:
     D:3: 1528 daAuts
     D:1: 1163 daAuts
     D:2: 1068 daAuts
     D:4: 12 daAuts
